Match 41164151
Unlisted

Match 41164151
End
Panzergrenadier Squad
250 Light Carrier
Panzergrenadier Squad
Construct Light Support Kompanie
Panzerjäger Squad
Fire Support Elements
Combat Half-tracks
Assault Mechanized Group
2.5-tonne Medical Truck
Selects Battlefield Espionage Battlegroup
Selects Intel Disruption Beacon
Selects Plunder
Veteran Squad Leaders
Construct Panzerarmee Kommand
Panzerjäger Mechanized Group
Panzer III L Medium Tank
Selects 250/3 Funkpanzerwagen
Selects Advanced Ambush Training
Selects Disruption Operation
Disruption Operation
Panzer III L Medium Tank
Panzergrenadier Squad
这不是真的吗
Billy
bingbong
糕团团
Dumpster Bob
spinn72
抖音呆呆河马-英3小程序
台湾棋手赖清德
0
0

Comments sign in to comment!

No comments posted yet!